 Dungeon Crawl Stone Soup version 0.22-a0-423-g4197694 (webtiles) character file.

67 iamserjio the Sneak (level 3, -6/24 HPs)
             Began as a Vampire Conjurer on May 23, 2018.
             Killed from afar by a white imp (10 damage)
             ... with a puff of frost
             ... summoned by Natasha
             ... on level 3 of the Dungeon.
             The game lasted 00:09:39 (2494 turns).

iamserjio the Sneak (Vampire Conjurer)              Turns: 2494, Time: 00:09:39

Health: -6/24      AC:  2    Str:  7    XL:     3   Next: 98%
Magic:  0/7        EV: 13    Int: 18    God:
Gold:   83         SH:  0    Dex: 14    Spells: 5/8 levels left

rFire    . . .     SeeInvis +   q - +0 short sword
rCold    . . .     Gourm    .   (no shield)
rNeg     + . .     Faith    .   a - +0 robe
rPois    .         Spirit   .   (no helmet)
rElec    .         Reflect  .   (no cloak)
rCorr    .         Harm     .   (no gloves)
MR       .....                  (no boots)
Stlth    +++.......             (no amulet)
HPRegen  0.08/turn              (no ring)
MPRegen  0.10/turn              (no ring)

@: slowed, very slow
A: fangs 3, see invisible, unbreathing
a: Bat Form


You were on level 3 of the Dungeon.
You were not thirsty.

You visited 1 branch of the dungeon, and saw 3 of its levels.

You collected 83 gold pieces.

Inventory:

Hand Weapons
 b - a +0 club
 e - a +0 dagger
 q - a +0 short sword (weapon)
 s - a +0 whip of venom
Missiles
 k - 48 stones (quivered)
Armour
 a - a +0 robe (worn)
 i - a +0 leather armour
Scrolls
 d - 2 scrolls of teleportation {unknown}
 g - a scroll of fear {unknown}
 l - 2 scrolls of identify {unknown}
 o - a scroll of enchant weapon {unknown}
 r - a scroll of remove curse {unknown}
Potions
 c - 8 potions of blood
 f - a potion of degeneration {unknown}
 h - 2 potions of flight {unknown}
 j - 2 potions of curing {unknown}
 m - 2 potions of lignification {unknown}
 n - a potion of heal wounds {unknown}
 p - a potion of berserk rage {unknown}


   Skills:
 + Level 1.4 Short Blades
 + Level 2.8 Dodging
 + Level 4.0 Stealth
 - Level 3.0 Spellcasting
 - Level 3.0 Conjurations


You had 5 spell levels left.
You knew the following spells:

 Your Spells              Type           Power        Failure   Level  Hunger
a - Magic Dart            Conj           ##..         4%          1    None
b - Searing Ray           Conj           ##....       7%          2    ##.....

Your spell library contained the following spells:

 Spells                   Type           Power        Failure   Level  Hunger
 Iskenderun's Mystic Bla  Conj           ##......     43%         4    ####...
 Fulminant Prism          Conj/Hex       #.........   65%         4    ####...
 Dazzling Spray           Conj/Hex       #.....       26%         3    ###....
 Force Lance              Conj/Tloc      #.......     65%         4    ####...


Dungeon Overview and Level Annotations

Branches:
Dungeon (3/15)

Altars:
Okawaru

Annotations:
D:3 Natasha


Innate Abilities, Weirdness & Mutations

You have razor-sharp teeth.
You have supernaturally acute eyesight. (SInv)
You can survive without breathing.


Message History

The white imp hits you but does no damage.
Natasha mumbles some strange words.
Casting: Searing Ray (safe; 7% risk of failure)
Confirm with . or Enter, or press ? or * to list all spells.
Aiming: Searing Ray (safe; 7% risk of failure)
Press: ? - help, Shift-Dir - straight line, f/p - Natasha
Aim: Natasha (severely wounded)
The searing ray misses Natasha.
The searing ray misses the shadow imp. (Press . to maintain the ray.)
The white imp barely misses you. Natasha barely misses you.
The white imp gestures at you. The puff of frost hits you!
The white imp gestures at you. The puff of frost hits you!
* * * LOW HITPOINT WARNING * * *
Without enough magic to sustain it, your searing ray dissipates.
Natasha barely misses you. The white imp gestures at you.
The puff of frost hits you!
You die...

##. #... .. ..
#. #...#....
###.. #...#...#
.... .........
###..##.#.#.#.#
...............
...............
#...5@.#
#...5h##
.##.#..5#
........#
..........h....
.####...###..#.
#...# # #...#
#...#


You could see Natasha, 2 white imps and a shadow imp.

Vanquished Creatures
  2 adders
  An ooze (D:2)
  A worm (D:2)
  A leopard gecko (D:3)
  4 giant cockroaches
  5 goblins
  4 hobgoblins
  8 kobolds
  5 bats
  6 rats
37 creatures vanquished.

Notes
Turn   | Place    | Note
-------+----------+-------------------------------------------
     0 | D:1      | iamserjio the Vampire Conjurer began the quest for the Orb.
     0 | D:1      | Reached XP level 1. HP: 13/13 MP: 3/3
   286 | D:1      | Reached XP level 2. HP: 19/19 MP: 3/5
   778 | D:2      | Reached XP level 3. HP: 19/24 MP: 0/7
   784 | D:2      | Reached skill level 1 in Short Blades
  1757 | D:2      | Learned a level 2 spell: Searing Ray
  2104 | D:3      | Reached skill level 4 in Stealth
  2297 | D:3      | Found an iron altar of Okawaru.
  2485 | D:3      | Noticed Natasha
  2494 | D:3      | Killed from afar by a white imp

Vault maps used:
D:1:      nicolae_arrival_washed_ashore
D:2:      grunt_decor_fettered
D:3:      old_standard_altar, first_ration, uniq_natasha

Skill      XL: |  1  2  3 |
---------------+----------+-----
Conjurations   | 3 |  3.0
Short Blades   | 1 |  1.4
Spellcasting   | 3 |  3.0
Stealth        | 4 |  4.0
Dodging        | |  2.8

Action                   || total
-------------------------++-------
Melee: Club              ||     5
       Dagger            ||    41
       Bite              ||     3
       Short sword       ||     2
 Cast: Magic Dart        ||    84
       Searing Ray       ||     4
  Use: Potion            ||     4
 Stab: Sleeping          ||     1
Armor: Robe              ||    10
Dodge: Dodged            ||    45

Table legend:
 A = Spawn XP
 B = Non-spawn XP
 C = Spawn XP percentage of total XP
 D = Spawn monster count
 E = Non-spawn monster count
 F = Spawn count percentage of total count
 G = Total turns spent on level
                    A         B        C        D         E        F      G
               +---------+---------+-------+---------+---------+-------+---------
         Total |       0 |      96 |   0.0 |       0 |      37 |   0.0 |  2494
               +---------+---------+-------+---------+---------+-------+---------
           D:1 |       0 |      27 |   0.0 |       0 |      17 |   0.0 |   783
           D:2 |       0 |      49 |   0.0 |       0 |      16 |   0.0 |  1478
           D:3 |       0 |      20 |   0.0 |       0 |       4 |   0.0 |   233
               +---------+---------+-------+---------+---------+-------+---------
